 Dungeon Crawl Stone Soup version 0.28-a0-983-g1de4e0787c (webtiles) character file.

Game seed: 4261125880376858551

29 Redcow54321 the Sneak (level 2, -3/25 HPs)
             Began as a Demigod Delver on Dec 3, 2021.
             Slain by a white imp (5 damage)
             ... on level 5 of the Dungeon.
             The game lasted 00:01:04 (133 turns).

Redcow54321 the Sneak (Demigod Delver)               Turns: 133, Time: 00:01:06

Health: -3/25      AC:  3    Str: 13    XL:     2   Next: 81%
Magic:  4/4        EV: 11    Int: 12    God:
Gold:   0          SH:  0    Dex: 15    Spells: 1/1 levels left

rFire   . . .      SeeInvis .   a - +0 hand axe
rCold   . . .      Faith    .   (no shield)
rNeg    . . .      Spirit   .   b - +0 leather armour
rPois   .          Reflect  .   (no helmet)
rElec   .          Harm     .   (no cloak)
rCorr   .          Rampage  .   (no gloves)
Will    .....                   (no boots)
Stlth   +++.......              (no amulet)
HPRegen 0.08/turn               (no ring)
MPRegen 0.09/turn               (no ring)

@: no status effects
A: high mp 1, forlorn, divine attributes
a: no special abilities


You were on level 5 of the Dungeon.
You visited 1 branch of the dungeon, and saw 1 of its levels.

Inventory:

Hand Weapons
 a - a +0 hand axe (weapon)
Armour
 b - a +0 leather armour (worn)
Wands
 g - a wand of digging (3)
Scrolls
 c - a scroll of fog
 d - a scroll of magic mapping
 e - a scroll of fear
Potions
 f - a potion of haste


   Skills:
 - Level 2.6 Fighting
 * Level 3.2 Axes
 - Level 1.7 Dodging
 - Level 4.5 Stealth


You had one spell level left.
You didn't know any spells.
Your spell library was empty.

Dungeon Overview and Level Annotations

Branches:
Dungeon (5/15)             Temple (0/1) D:5


Innate Abilities, Weirdness & Mutations

You have an increased reservoir of magic. (+10% MP)
You shall have no god before yourself.
Your divine heritage dramatically boosts your attributes as you level up.


Message History

The white imp hits you but does no damage.
You hit the white imp.
The white imp is almost dead.
The white imp hits you. The white imp freezes you.
You hit the white imp but do no damage.
The white imp is almost dead.
The white imp hits you but does no damage.
You hit the white imp but do no damage.
The white imp is almost dead.
The white imp closely misses you.
You closely miss the white imp.
The white imp is almost dead.
The white imp closely misses you.
You hit the white imp but do no damage.
The white imp is almost dead.
The white imp hits you. The white imp freezes you.
You hit the white imp but do no damage.
The white imp is almost dead.
The white imp hits you but does no damage.
The white imp hits you. The white imp freezes you.
* * * LOW HITPOINT WARNING * * *
You hit the white imp.
The white imp is almost dead.
The white imp hits you but does no damage.
You barely miss the white imp.
The white imp is almost dead.
The white imp shouts, "Begone, thou bawdy dismal-dreaming haggard!"
The white imp hits you but does no damage.
You closely miss the white imp.
The white imp is almost dead.
The white imp gestures at you. The puff of frost hits you.
* * * LOW HITPOINT WARNING * * *
You barely miss the white imp.
The white imp is almost dead.
The white imp laughs crazily.
The white imp hits you.
* * * LOW HITPOINT WARNING * * *
The white imp freezes you.
You die...

..............# #
...............#
#................#
##.##.##.##.......#
##.........#.......#
...................#
#..⌠...⌠..#.......# ..
.#.........#5###(..########..
......>.....@# #.............
##.........### #.............
#..⌠...⌠..# ##............
............. #............
.#.........#.# ###..........
##.##.##.##.# ##.........
...... ... . ###....... #.
..[ .... .# ##..#### ##..##


You could see a white imp.

Vanquished Creatures
  A jelly (D:5)
1 creature vanquished.

Notes
Turn   | Place    | Note
-------+----------+-------------------------------------------
     0 | D:5      | Redcow54321 the Demigod Delver began the quest for the Orb.
     0 | D:5      | Reached XP level 1. HP: 18/18 MP: 3/3
    30 | D:5      | Noticed a jelly
    37 | D:5      | Found a staircase to the Ecumenical Temple.
    51 | D:5      | Killed a jelly
    52 | D:5      | Reached XP level 2. HP: 19/25 MP: 4/4
   133 | D:5      | Slain by a white imp

Illustrated notes

Levels and vault maps discovered:
D:5:      kennysheep_windowed_halls, layout_cave_pods,
          minmay_temple_entry_large_hall, uniq_blork_the_orc

Skill      XL: |  1 |
---------------+----+-----
Axes           | 3 |  3.2
Fighting       | |  2.6
Dodging        | |  1.7
Stealth        | |  4.5

Action                   || total
-------------------------++-------
Melee: Hand axe          ||    19
Evoke: Wand              ||     2
Armor: Leather armour    ||     9
Dodge: Dodged            ||    10

Table legend: (Time is in decaauts)
 A = Elapsed time spent in this place.
 B = Non-inter-level travel time spent in this place.
 C = Inter-level travel time spent in this place.
 D = Time resting spent in this place.
 E = Time spent auto-exploring this place.
 F = Levels seen in this place.
 G = Mean time per level.
                   A        B        C        D        E       F      G
               +--------+--------+--------+--------+--------+-----+--------+
         Total |    135 |    135 |      0 |     51 |     29 |   1 |  135.0 |
       Dungeon |    135 |    135 |      0 |     51 |     29 |   1 |  135.0 |
               +--------+--------+--------+--------+--------+-----+--------+

Top non-repeatable levels by time:
     D:5: 135 daAuts
